AoeStats
← bersandomusica

Lombardia

509927749Analyzed
4v4 RM · 5d ago on Sep 28, 2026· 61m 56s· 8 players
Game mode
Random Map
Map size
Large (8 player)
Population
200
Speed
Normal
Resources
Standard
Victory
Conquest
Starting age
Dark Age
Ending age
Imperial Age
RankedLock teamsTeams togetherTeam positionsShared explorationLock speedFull tech treeHidden civsTurbo modeCheats
Victory
Defeat
🇦🇹 Khmer · Austria
1095
+13
🇦🇹 Maya · Austria
1095
+13
🇦🇹 Saxons · Austria
1088
+13
🇦🇹 Saracens · Austria
1068
+14
🇷🇴 Lithuanians · Romania
1062
-14
🇪🇸 Italians · Spain
1042
-14
🇷🇴 Sicilians · Romania
1009
-13
🇬🇧 Aztecs · United Kingdom
986
-12
TranceAddict95
10:55 Feudal Age
12:50 Loom
16:53 Castle Age
16:20 Double-Bit Axe
18:35 Elite Skirmisher
19:53 Fletching
30:48 Wheelbarrow
30:11 Horse Collar
30:52 Scale Mail Armor
35:12 Town Watch
38:43 Imperial Age
36:33 Forging
36:52 Hand Cart
38:16 Arson
38:31 Squires
40:29 Chemistry
39:41 Masonry
40:33 Conscription
39:49 Capped Ram
41:02 Gold Mining
41:43 Chain Mail Armor
42:01 Elite Serjeant
43:10 Heavy Plow
44:02 Ballistics
43:39 Murder Holes
44:26 Plate Mail Armor
46:30 Iron Casting
48:41 Bodkin Arrow
LiMe86
12:34 Loom
15:13 Feudal Age
15:38 Double-Bit Axe
15:34 Horse Collar
22:03 Castle Age
20:12 Stone Mining
21:10 Gold Mining
21:41 Scale Mail Armor
22:01 Forging
23:39 Wheelbarrow
23:18 Bow Saw
23:10 Heavy Plow
25:54 Squires
25:40 Arson
25:17 Eagle Warrior
27:01 Iron Casting
26:41 Chain Mail Armor
26:47 Hand Cart
29:10 Town Watch
33:24 Imperial Age
36:11 Blast Furnace
35:42 Plate Mail Armor
38:37 Conscription
38:38 Garland Wars
37:46 Elite Eagle Warrior
41:49 Elite Jaguar Warrior
43:22 Pikeman
44:59 Caravan
46:22 Gold Shaft Mining
51:49 Crop Rotation
52:03 Elite Skirmisher
bersandomusica
0:48 Loom
11:44 Feudal Age
16:29 Castle Age
15:06 Horse Collar
15:34 Double-Bit Axe
16:14 Padded Archer Armor
18:21 Wheelbarrow
17:54 Fletching
21:56 Elite Skirmisher
28:25 Ballistics
28:01 Murder Holes
28:36 Stone Mining
28:37 Gold Mining
30:20 Fortified Wall
31:42 Treadmill Crane
33:29 Thumb Ring
35:52 Leather Archer Armor
35:33 Bodkin Arrow
40:25 Imperial Age
42:15 Ring Archer Armor
41:46 Bracer
42:49 Chemistry
41:42 Elite Genoese Crossbowman
A Diet Coke Please
12:19 Feudal Age
10:35 Loom
15:25 Wheelbarrow
14:42 Double-Bit Axe
17:52 Castle Age
16:01 Horse Collar
19:06 Hand Cart
18:44 Town Watch
19:49 Bow Saw
21:09 Heavy Plow
25:23 Gold Mining
28:34 Stone Mining
29:29 Town Patrol
30:05 Caravan
30:51 Stone Shaft Mining
30:21 Light Cavalry
31:11 Bloodlines
33:22 Hill Forts
34:19 Padded Archer Armor
34:26 Scale Barding Armor
34:32 Forging
36:03 Chain Barding Armor
37:12 Iron Casting
41:59 Imperial Age
43:16 Winged Hussar
50:05 Plate Barding Armor
50:35 Elite Leitis
51:06 Cavalier
51:46 Husbandry
53:05 Conscription
Scooray
9:12 Loom
11:17 Feudal Age
11:57 Double-Bit Axe
15:04 Wheelbarrow
17:58 Castle Age
16:35 Horse Collar
19:17 Bow Saw
21:14 Heavy Plow
27:30 Hand Cart
31:08 Imperial Age
31:25 Imperial Age
29:17 Town Watch
29:35 Stone Mining
29:35 Gold Mining
29:50 Scale Mail Armor
29:40 Fletching
30:01 Forging
30:43 Gambesons
31:00 Squires
30:46 Arson
31:44 Chain Mail Armor
31:44 Bodkin Arrow
32:37 Ballistics
33:18 Chemistry
33:15 Elite Varangian Guard
34:51 Plate Mail Armor
34:56 Iron Casting
34:56 Conscription
36:12 Siege Engineers
36:17 Masonry
35:59 Shield Wall
37:45 Gold Shaft Mining
37:55 Hoardings
37:40 Bracer
37:40 Padded Archer Armor
38:44 Elite Hearth Troop
40:02 Thumb Ring
40:09 Elite Skirmisher
47:32 Caravan
51:00 Leather Archer Armor
52:42 Architecture
elzo
0:33 Loom
10:52 Feudal Age
12:58 Double-Bit Axe
15:45 Castle Age
15:58 Horse Collar
16:55 Crossbowman
18:32 Fletching
21:23 Padded Archer Armor
21:18 Bodkin Arrow
24:07 Wheelbarrow
26:12 Hand Cart
30:17 Town Watch
35:45 Imperial Age
33:29 Thumb Ring
34:17 Gold Mining
34:22 Stone Mining
35:27 Scale Mail Armor
35:39 Forging
37:22 Murder Holes
37:54 Arbalester
39:59 Heavy Plow
40:16 Bow Saw
40:45 Ballistics
41:03 Conscription
43:18 Town Patrol
43:55 Bracer
44:11 Leather Archer Armor
53:26 Chemistry
58:44 Hoardings
58:04 Elite Skirmisher
Overflow
9:17 Loom
11:03 Feudal Age
14:47 Castle Age
14:08 Double-Bit Axe
18:38 Wheelbarrow
18:39 Bow Saw
19:12 Town Watch
20:34 Horse Collar
22:11 Heavy Plow
22:39 Stone Mining
24:24 Hand Cart
25:09 Forging
25:05 Gold Mining
26:11 Scale Barding Armor
27:05 Husbandry
27:16 Bloodlines
28:22 Iron Casting
28:08 Chain Barding Armor
28:29 Scale Mail Armor
29:28 Gold Shaft Mining
29:28 Stone Shaft Mining
30:04 Ballistics
33:39 Imperial Age
31:23 Caravan
33:01 Chain Mail Armor
33:37 Town Patrol
33:38 Pikeman
34:12 Fletching
35:09 Conscription
35:03 Double Crossbow
34:58 Halberdier
35:30 Elite Ballista Elephant
37:18 Blast Furnace
38:57 Chemistry
50:11 Arson
55:29 Bodkin Arrow
59:58 Spies/Treason
MinosDesmond
5:31 Loom
11:57 Feudal Age
13:14 Horse Collar
13:22 Double-Bit Axe
20:05 Castle Age
18:43 Gold Mining
18:44 Stone Mining
22:04 Bow Saw
22:43 Heavy Plow
24:35 Wheelbarrow
24:49 Gold Shaft Mining
25:01 Town Watch
27:36 Hand Cart
27:22 Town Patrol
34:18 Imperial Age
34:01 Masonry
34:51 Forging
34:49 Scale Barding Armor
34:35 Fletching
35:10 Ballistics
34:53 Elite Mameluke
35:56 Conscription
36:16 Iron Casting
35:49 Husbandry
36:00 Bloodlines
37:22 Coinage
36:52 Caravan
37:24 Chain Barding Armor
39:02 Chemistry
38:09 Siege Engineers
40:24 Blast Furnace
43:09 Plate Barding Armor
42:29 Bodkin Arrow
42:35 Padded Archer Armor
43:39 Light Cavalry
44:34 Elite Skirmisher
45:25 Bracer
45:40 Leather Archer Armor
46:09 Banking
Connection lost

Rejoining the realm…

Still unreachable

The connection could not be restored.

Session expired

The server has moved on; the page needs a fresh start.